[Event "*** Titled Tuesday Blitz"]
[Site "Chess.com"]
[Date "2018.12.04"]
[Round "4"]
[White "TheBigBadChessDad"]
[Black "pedromartinez91"]
[Result "0-1"]
[WhiteElo "2276"]
[BlackElo "2400"]
[TimeControl "180+2"]
[EndTime "13:49:29 PST"]
[Termination "pedromartinez91 won on time"]

1. d4 d5 2. Bf4 Nf6 3. e3 c5 4. c3 Qb6 5. Qb3 Nc6 6. dxc5 Qxc5 7. Nf3 e6 8. Nbd2 Bd6 9. Bxd6 Qxd6 10. Be2 O-O 11. O-O e5 12. Rad1 Be6 13. Qc2 Rac8 14. Qb1 Qe7 15. e4 dxe4 16. Ng5 Rfd8 17. Ngxe4 Nxe4 18. Nxe4 f5 19. Ng3 g6 20. b3 Qc5 21.
Qb2 b5 22. Rxd8+ Rxd8 23. Rd1 Rxd1+ 24. Bxd1 a5 25. a3 Kf7 26. h3 Qd6 27. Be2 b4 28.
cxb4 axb4 29. axb4 Qxb4 30. Bd1 Nd4 31. Qc1 Kf6 32. Kh2 Qe1 33. Qc5 Qxd1 34. Qf8+ Bf7 35. Qh8+ Ke7 36. Qxe5+ Ne6 37. b4 Qd6 38. Qa5 h5 39. h4 Qf4 40. Qa7+ Kf6 0-1

[Event "*** Titled Tuesday Blitz"]
[Site "Chess.com"]
[Date "2018.12.04"]
[Round "4"]
[White "NTDVAN"]
[Black "penguingm1"]
[Result "0-1"]
[WhiteElo "2639"]
[BlackElo "2769"]
[TimeControl "180+2"]
[EndTime "13:49:31 PST"]
[Termination "penguingm1 won by resignation"]

1. Nf3 d5 2. c4 e6 3. d4 Nf6 4.
Nc3 Be7 5. Bf4 O-O 6. e3 Nbd7 7.
Rc1 c5 8. cxd5 Nxd5 9. Nxd5 exd5 10. dxc5 Nxc5 11. a3 Bf5 12. Be2 Ne6 13. Be5 Bf6 14.
O-O Be4 15. Bxf6 Qxf6 16. Qd2 Rac8 17. Rxc8 Rxc8 18. Rc1 Qd8 19. Rc3 Rc6 20. Rxc6 bxc6 21.
Nd4 c5 22. Nb5 Qg5 23. f3 Bf5 24. f4 Qg6 25. Bf3 Be4 26. Bxe4 Qxe4 27. Nc3 Qf5 28. Qxd5 Qc2 29. Nd1 g6 30. h3 h5 31. b3 Ng7 32.
e4 Ne6 33. g3 h4 34. e5 hxg3 35. h4 Nxf4 36. Qd8+ Kh7 0-1

[Event "*** Titled Tuesday Blitz"]
[Site "Chess.com"]
[Date "2018.12.04"]
[Round "4"]
[White "akretchetov"]
[Black "ALeks_Ivlev"]
[Result "1-0"]
[WhiteElo "2373"]
[BlackElo "2481"]
[TimeControl "180+2"]
[EndTime "13:49:33 PST"]
[Termination "akretchetov won by checkmate"]

1. Nf3 g6 2. c4 Bg7 3. e4 d6 4.
d4 Bg4 5. Be2 Bxf3 6. Bxf3 Nc6 7. Be3 e5 8. d5 Nd4 9. Nc3 Ne7 10.
Be2 c5 11. dxc6 bxc6 12. Bd3 O-O 13. O-O Rb8 14. b3 Qa5 15. Bd2 Qc7 16. Rc1 f5 17. f4 Ne6 18. fxe5 dxe5 19. exf5 gxf5 20. c5 Kh8 21.
Bc4 Nxc5 22. Qh5 e4 23. Ne2 Rbd8 24. Bf4 Be5 25. Rcd1 Nd3 26. Bxe5+ Qxe5 27. h3 Ng6 28. Qg5 a5 29. Ng3 Qd4+ 30. Kh2 f4 31. Nh5 Qe5 32.
Qxe5+ Ngxe5 33. Bxd3 Nxd3 34. Nxf4 Kg8 35. Ne6 Rxf1 36.
Rxf1 Rd6 37. Rf8# 1-0

[Event "*** Titled Tuesday Blitz"]
[Site "Chess.com"]
[Date "2018.12.04"]
[Round "4"]
[White "NikolaGry"]
[Black "biostatistician"]
[Result "1-0"]
[WhiteElo "2638"]
[BlackElo "2448"]
[TimeControl "180+2"]
[EndTime "13:49:34 PST"]
[Termination "NikolaGry won by resignation"]

1. b3 d5 2. Bb2 Bg4 3. Nf3 Nf6 4. e3 e6 5. c4 Be7 6. Be2 O-O 7. h3 Bh5 8. Nc3 c5 9. cxd5 Nxd5 10. Ne4 Nc6 11. O-O Rc8 12. a3 Bg6 13. d3 b6 14. Rc1 Nf6 15. Nc3 Qd7 16. Qd2 Rfd8 17. Rfd1 Nd5 18. Ne4 Qb7 19. Qc2 Rc7 20. Ba1 Rcd7 21.
b4 cxb4 22. Qxc6 Qxc6 23. Rxc6 bxa3 24. Rdc1 Nb4 25. Rc8 Nxd3 26. Bxd3 Rxd3 27. Ne5 Rd1+ 28. Rxd1 Rxc8 29. Nxg6 hxg6 30. Kh2 f5 31. Rd7 Kf7 32. Nd6+ Kf8 33. Nxc8 1-0

[Event "*** Titled Tuesday Blitz"]
[Site "Chess.com"]
[Date "2018.12.04"]
[Round "4"]
[White "PawnEatingZombie"]
[Black "vinniethepooh"]
[Result "0-1"]
[WhiteElo "2215"]
[BlackElo "2411"]
[TimeControl "180+2"]
[EndTime "13:49:38 PST"]
[Termination "vinniethepooh won by resignation"]

1. d4 d5 2. c4 c6 3. Nc3 Nf6 4. e3 e6 5. Nf3 Nbd7 6. Qc2 Bd6 7. Bd3 O-O 8. O-O dxc4 9. Bxc4 e5 10. Bb3 h6 11. h3 Qc7 12. Rd1 exd4 13. exd4 Bf4 14.
Be3 Bxe3 15. fxe3 Nb6 16. Rac1 Qe7 17. Re1 Be6 18. e4 Bxb3 19. Qxb3 Rad8 20. Rcd1 Rfe8 21. e5 Nfd5 22. Ne4 Qe6 23. Nc5 Qc8 24. a4 Re7 25.
a5 Na8 26. Nd2 b6 27. Nce4 Qe6 28. axb6 axb6 29. Nd6 Qg6 30. Qf3 Nac7 31. N2e4 Ne8 32. Nf5 Red7 33. Rf1 Ne7 34. Nfd6 Nxd6 35. Nxd6 Nc8 36.
Nf5 Kh7 37. Qxc6 Qxc6 0-1

[Event "*** Titled Tuesday Blitz"]
[Site "Chess.com"]
[Date "2018.12.04"]
[Round "4"]
[White "gkchesstiger"]
[Black "Samuray111"]
[Result "1-0"]
[WhiteElo "2797"]
[BlackElo "2605"]
[TimeControl "180+2"]
[EndTime "13:49:42 PST"]
[Termination "gkchesstiger won by resignation"]

1. d4 Nf6 2. Nf3 e6 3. Bf4 c5 4. e3 Nc6 5. Nbd2 b6 6. Nc4 d5 7.
Nce5 Bd7 8. Nxd7 Qxd7 9. Bb5 Bd6 10. Bxd6 Qxd6 11. Ne5 Rc8 12. Nxc6 Rxc6 13. O-O O-O 14.
Bxc6 Qxc6 15. c3 Rb8 16. Rc1 c4 17. Re1 b5 18. b3 a5 19. Qc2 h6 20. Rb1 Ne4 21.
Rec1 Nd6 22. b4 Ra8 23. a3 f5 24. f3 Ra6 25. a4 axb4 26. axb5 Qxb5 27. Rxb4 Qa5 28. Rcb1 Kh7 29. h4 Qa3 30. Kh2 Qa5 31. Rb8 Qc7 32. Kh3 Qd7 33. R1b6 Ra1 34. Rb1 Ra3 35.
Qb2 Ra6 36. Rb6 Ra7 37. Ra1 Rxa1 38. Qxa1 f4 39. exf4 e5+ 40. Kh2 exd4 41. cxd4 Qf5 42. Qb1 Qxb1 43. Rxb1 Nf5 44. Rb5 Nxd4 45. Rxd5 Ne6 46.
f5 Nf4 47. Rc5 Nd3 48. Rxc4 Ne5 49. Rc7 Kg8 50. Kg3 Nd3 51. h5 Kf8 52. f4 Nb4 53.
Kf3 Nd5 54. Rb7 Nf6 55. g4 Kg8 56. g5 Nxh5 57. Kg4 g6 58. fxg6 Ng7 59. Rb8+ 1-0

[Event "*** Titled Tuesday Blitz"]
[Site "Chess.com"]
[Date "2018.12.04"]
[Round "4"]
[White "amiralfio"]
[Black "champ2005"]
[Result "0-1"]
[WhiteElo "2421"]
[BlackElo "2671"]
[TimeControl "180+2"]
[EndTime "13:49:44 PST"]
[Termination "champ2005 won by checkmate"]

1. d4 Nf6 2. Nf3 e6 3. c4 d5 4. Nc3 c6 5. e3 dxc4 6. Bxc4 b5 7. Bd3 Bb7 8. e4 a6 9. O-O c5 10. dxc5 Bxc5 11. Qe2 Nbd7 12. Rd1 Qc7 13. Bg5 Ne5 14. Nxe5 Qxe5 15. Bxf6 gxf6 16. Bxb5+ axb5 17. Qxb5+ Kf8 18. Qxb7 Rb8 19. Qc6 Rxb2 20. Na4 Bxf2+ 21. Kh1 Rb8 22. Rac1 Kg7 23. Qc2 Bh4 24. Qe2 Rhc8 25. Rxc8 Rxc8 26. Qg4+ Bg5 27. h4 h5 28. Qxh5 Rh8 29. Qf3 Rxh4+ 30. Kg1 Rxe4 31. Nc3 Re3 32. Qa8 Rxc3 33. Rd8 Rc1+ 34.
Kf2 Qe3# 0-1

[Event "*** Titled Tuesday Blitz"]
[Site "Chess.com"]
[Date "2018.12.04"]
[Round "4"]
[White "Muguet7"]
[Black "Oligan22"]
[Result "1-0"]
[WhiteElo "2440"]
[BlackElo "2245"]
[TimeControl "180+2"]
[EndTime "13:49:44 PST"]
[Termination "Muguet7 won by resignation"]

1. d4 d5 2. c4 dxc4 3. Nf3 Nf6 4.
e3 e6 5. Bxc4 c5 6. O-O a6 7. b3 b5 8. Bd3 Bb7 9. Bb2 Nbd7 10. a4 b4 11. Nbd2 cxd4 12. Nxd4 Ne5 13. Bc2 Bd6 14. h3 O-O 15. Qe2 Rc8 16. Rac1 Qe7 17. Rfd1 Rfd8 18. f4 Ned7 19. Nc4 Bb8 20. Na5 Nc5 21. Nxb7 Qxb7 22. Nf3 Nce4 23. Bd3 Rxc1 24.
Rxc1 Ng3 25. Qc2 h6 26. Bxf6 gxf6 27. Kh2 Nh5 28. Be4 Qb6 29. Qc5 Qxc5 30. Rxc5 f5 31.
Bb7 Ba7 32. Re5 Rd6 33. g4 Ng7 34. Kg3 f6 35. Ra5 Bxe3 36. Rxa6 Rd3 37. Ra8+ Kf7 38. a5 e5 39. fxe5 f4+ 40. Kg2 Rxb3 41. Bd5+ Kg6 42.
Bxb3 1-0

[Event "*** Titled Tuesday Blitz"]
[Site "Chess.com"]
[Date "2018.12.04"]
[Round "4"]
[White "AdrianaNikolova"]
[Black "vpantev"]
[Result "0-1"]
[WhiteElo "2393"]
[BlackElo "2631"]
[TimeControl "180+2"]
[EndTime "13:49:45 PST"]
[Termination "vpantev won by resignation"]

1. d4 Nf6 2. Bf4 d5 3. Nf3 e6 4. Nbd2 Bd6 5. Ne5 c5 6. c3 Qc7 7. Ndf3 Nh5 8. Be3 cxd4 9. cxd4 Nd7 10. Nd3 O-O 11. g3 b6 12. Bg2 Ba6 13. Rc1 Qb7 14. Nde5 Nhf6 15. O-O Rac8 16. Rxc8 Rxc8 17. Bf4 Be7 18.
Ng5 Rf8 19. Re1 h6 20. Ngf3 Rc8 21. Nxd7 Nxd7 22. Qd2 Nf6 23. Ne5 Ne4 24. Qe3 g5 25. Bxe4 dxe4 26. h4 gxf4 27. Qxf4 Bf8 28. Ng4 Bg7 29.
Nxh6+ Bxh6 30. Qxh6 Qd5 31. Qf6 Qf5 32. Qe7 e3 33. f3 Rc2 34. Qe8+ Kg7 35. Qa4 Rxe2 36. Rf1 Qh3 0-1

[Event "*** Titled Tuesday Blitz"]
[Site "Chess.com"]
[Date "2018.12.04"]
[Round "4"]
[White "pKiLz5Rn9b"]
[Black "chidori_boruto"]
[Result "1-0"]
[WhiteElo "2753"]
[BlackElo "2583"]
[TimeControl "180+2"]
[EndTime "13:49:49 PST"]
[Termination "pKiLz5Rn9b won on time"]

1. b3 b6 2. Bb2 Bb7 3. Nf3 e6 4. e3 Nf6 5. c4 d5 6. d4 Ne4 7. Bd3 Bb4+ 8. Nbd2 Nd7 9. a3 Bd6 10.
b4 Nxd2 11. Nxd2 dxc4 12. Nxc4 Be7 13. O-O O-O 14. Rc1 c5 15. dxc5 bxc5 16. b5 Nb6 17. Na5 Qd5 18. Nxb7 Qxb7 19. Qh5 f5 20. Qe2 Rac8 21.
Bc4 Nxc4 22. Qxc4 Qd5 23. a4 Rfd8 24. Qxd5 exd5 25. Ba3 Kf7 26. g3 c4 27. Bxe7 Kxe7 28. Rfd1 Kd6 29. Rd4 Kc5 30. Rb1 Rb8 31. Rdd1 a6 32.
bxa6 Rxb1 33. Rxb1 c3 34. Kf1 Kc4 35. Ke2 c2 36. Rb7 c1=Q 37. Rc7+ Kb4 38. Rxc1 Ra8 39.
Rc7 g6 40. a7 Kxa4 41. Rxh7 Kb5 42. Rg7 Kc5 43. Rxg6 Rxa7 44. Rf6 Rh7 45. h4 Rh5 46. Kf3 1-0

[Event "*** Titled Tuesday Blitz"]
[Site "Chess.com"]
[Date "2018.12.04"]
[Round "4"]
[White "WinnerOleg"]
[Black "dmosesov"]
[Result "1-0"]
[WhiteElo "2328"]
[BlackElo "2344"]
[TimeControl "180+2"]
[EndTime "13:49:49 PST"]
[Termination "WinnerOleg won on time"]

1. d4 Nf6 2. c4 e6 3. Nf3 a6 4. Nc3 d5 5. cxd5 exd5 6. Bg5 Be6 7. Qb3 Ra7 8. Bxf6 Qxf6 9. Nxd5 Bxd5 10. Qxd5 Bb4+ 11. Kd1 O-O 12. e3 Rd8 13. Qg5 Qxg5 14.
Nxg5 c5 15. a3 Ba5 16. b4 cxb4 17. axb4 Bxb4 18. Bc4 b5 19. Bd3 h6 20. Ne4 Nc6 21.
Ke2 Bf8 22. Rhc1 Nb4 23. Bxb5 Re7 24. Bd3 f5 25. Ng3 f4 26. Nf5 Red7 27. Bxa6 fxe3 28. fxe3 Kh8 29. Bc4 Rf7 30. Bxf7 Rb8 31. Rab1 Ra8 32.
e4 Ra3 33. e5 1-0

[Event "*** Titled Tuesday Blitz"]
[Site "Chess.com"]
[Date "2018.12.04"]
[Round "4"]
[White "Ali_rastbod"]
[Black "RiskyDecision"]
[Result "1-0"]
[WhiteElo "2579"]
[BlackElo "2382"]
[TimeControl "180+2"]
[EndTime "13:49:50 PST"]
[Termination "Ali_rastbod won by resignation"]

1. c4 e5 2. Nc3 Bb4 3. Qb3 a5 4. a3 Bxc3 5. Qxc3 d6 6. d4 Qe7 7.
Nf3 Nc6 8. d5 Nb8 9. e4 a4 10. Be3 b6 11. Nd2 Nf6 12. f3 Na6 13. Bd3 Nc5 14. Bc2 O-O 15. O-O Bd7 16. b4 axb3 17.
Nxb3 Nxb3 18. Bxb3 Ba4 19. Qc2 Qd7 20. g3 Bxb3 21.
Qxb3 Ra4 22. Ra2 Rfa8 23. Rfa1 Qc8 24. Kf2 Qa6 25. Rc2 Rxa3 26. Rxa3 Qxa3 27. Qxa3 Rxa3 28. Bg5 Nd7 29. Bd8 Ra7 30. f4 f6 31. fxe5 Nxe5 32. Rc3 Kf8 33. h3 Ke8 34. Ra3 Kxd8 35. Rxa7 Nxc4 36.
Ra8+ Ke7 37. Rc8 Ne5 38. Rxc7+ Nd7 39. Ke3 h5 40. Kd4 g6 41. Kc4 f5 42. exf5 gxf5 43. Kb5 Kd8 44. Kc6 Nc5 45. Kxd6 Ne4+ 46. Kc6 b5 47. d6 b4 48. Rb7 1-0

[Event "*** Titled Tuesday Blitz"]
[Site "Chess.com"]
[Date "2018.12.04"]
[Round "4"]
[White "Durarbayli"]
[Black "Alexander_Donchenko"]
[Result "1-0"]
[WhiteElo "2714"]
[BlackElo "2681"]
[TimeControl "180+2"]
[EndTime "13:49:51 PST"]
[Termination "Durarbayli won by resignation"]

1. e4 c5 2. Nf3 d6 3. d4 cxd4 4. Nxd4 Nf6 5. Nc3 a6 6. Bc4 e6 7.
Bb3 Nbd7 8. f4 Nc5 9. Qf3 Be7 10. Be3 O-O 11. f5 Qc7 12. g4 Nxb3 13. axb3 Nd7 14. g5 Ne5 15. Qg3 Re8 16. h4 Bf8 17. h5 exf5 18.
exf5 d5 19. Rg1 Bd6 20. Qf2 Nc6 21. Nxd5 Qd8 22. O-O-O Qa5 23. Nf6+ Kf8 24. Nxh7+ Ke7 25. Nxc6+ bxc6 26. f6+ Kd7 27. Kb1 Kc7 28. fxg7 Bf5 29. Nf6 Re5 30. Rxd6 Kxd6 31. Bf4 Re8 32. Rd1+ Kc7 33.
Nxe8+ 1-0

[Event "*** Titled Tuesday Blitz"]
[Site "Chess.com"]
[Date "2018.12.04"]
[Round "4"]
[White "Evgeny81"]
[Black "Koksik_13"]
[Result "1-0"]
[WhiteElo "2724"]
[BlackElo "2727"]
[TimeControl "180+2"]
[EndTime "13:49:54 PST"]
[Termination "Evgeny81 won by resignation"]

1. Nf3 d5 2. c4 e6 3. d4 a6 4. e3 Nf6 5. Nc3 Be7 6. b3 O-O 7.
Bb2 c5 8. cxd5 Nxd5 9. Nxd5 exd5 10. Bd3 cxd4 11. Nxd4 Bb4+ 12. Ke2 Bg4+ 13. f3 Bd7 14. Kf2 Nc6 15. Bc2 Be7 16. Qd3 g6 17. Nxc6 bxc6 18. Qc3 f6 19. h4 Bd6 20. Qd2 Be5 21. Bd4 Qe7 22. h5 g5 23. Rac1 Rae8 24. h6 Kh8 25. Bd3 Bxd4 26. exd4 f5 27. Rce1 Qf6 28. Rxe8 Rxe8 29.
Bxa6 f4 30. Be2 Re3 31. b4 Ra3 32. Qb2 Re3 33. a4 Bf5 34. a5 Rxe2+ 35. Kxe2 Qe6+ 36. Kd1 Qe3 37. Re1 Qd3+ 38. Qd2 Qb3+ 39. Ke2 g4 40. Qxf4 Kg8 41. Qxf5 Qc2+ 42. Qxc2 1-0

[Event "*** Titled Tuesday Blitz"]
[Site "Chess.com"]
[Date "2018.12.04"]
[Round "4"]
[White "GMKrikor"]
[Black "NeverEverForever1990"]
[Result "1/2-1/2"]
[WhiteElo "2668"]
[BlackElo "2438"]
[TimeControl "180+2"]
[EndTime "13:49:56 PST"]
[Termination "Game drawn by repetition"]

1. e4 c5 2. Nf3 d6 3. d4 cxd4 4. Nxd4 Nf6 5. Nc3 a6 6. a3 Nc6 7. Be2 e5 8. Nf3 Be7 9. O-O O-O 10. Bg5 Be6 11. Bxf6 Bxf6 12. Nd5 Bxd5 13. Qxd5 Qc7 14. Rfd1 Rfd8 15. c3 Ne7 16. Qb3 Rac8 17. a4 Qc6 18. Bd3 d5 19. exd5 Rxd5 20. Qc2 Ng6 21. Be4 Rxd1+ 22. Rxd1 Qc7 23. g3 b6 24. Qb3 Rd8 25. Rxd8+ Qxd8 26. Qc4 a5 27. Bd5 Qd7 28. Nd2 Bd8 29. Ne4 Kf8 30. Bc6 Qd1+ 31. Kg2 Nh4+ 32.
gxh4 Qg4+ 33. Kf1 Qd1+ 34. Kg2 Qg4+ 35. Kh1 Qf3+ 36. Kg1 Qg4+ 37. Kf1 Qd1+ 38. Kg2 1/2-1/2

[Event "*** Titled Tuesday Blitz"]
[Site "Chess.com"]
[Date "2018.12.04"]
[Round "4"]
[White "jefferyx"]
[Black "xamax2000"]
[Result "1-0"]
[WhiteElo "2746"]
[BlackElo "2481"]
[TimeControl "180+2"]
[EndTime "13:49:57 PST"]
[Termination "jefferyx won by resignation"]

1. Nf3 Nf6 2. d4 g6 3. Nbd2 d5 4. b4 e5 5. dxe5 Ne4 6. Nxe4 dxe4 7. Qxd8+ Kxd8 8. Ng5 Bxb4+ 9. Bd2 Bxd2+ 10. Kxd2 Ke7 11. Nxe4 Rd8+ 12. Kc3 Nc6 13. f4 Rd4 14. Nf6 b5 15.
e3 b4+ 16. Kb2 Rd2 17. Ne4 Rd8 18. Bb5 Na5 19. Rhd1 Bb7 20. Nf6 Bxg2 21. Nxh7 c6 22. Be2 c5 23. Nf6 c4 24. c3 Rab8 25. cxb4 Rxb4+ 26. Kc3 Rxd1 27. Rxd1 Ra4 28. Rd7+ Kf8 29. Rd8+ Kg7 30.
Bg4 Ra3+ 31. Kb4 Nc6+ 32. Kxa3 Nxd8 33. Kb4 Bf1 34. Bd7 Nb7 35. Ne4 Bd3 36. Nd6 a5+ 37. Kc3 Nc5 38. Bc6 f6 39. Nxc4 fxe5 40. Nxe5 Be4 41.
Kd4 Bxc6 42. Kxc5 Be8 43. Kb6 a4 44. h4 Kf6 45. e4 Ke6 46. Kc5 Kf6 47. a3 Ke6 48.
Kb4 Kd6 49. Kc4 Ke6 50. Kc5 Kf6 51. Kd6 Bb5 52. Nd7+ Kf7 53. e5 Bc4 54. Nc5 Bb3 55. e6+ Ke8 56. Nd7 1-0

[Event "*** Titled Tuesday Blitz"]
[Site "Chess.com"]
[Date "2018.12.04"]
[Round "4"]
[White "Paparama_1917"]
[Black "arctic_t00"]
[Result "1-0"]
[WhiteElo "2588"]
[BlackElo "2396"]
[TimeControl "180+2"]
[EndTime "13:49:58 PST"]
[Termination "Paparama_1917 won by checkmate"]

1. e4 e6 2. d4 d5 3. Bd3 c5 4. exd5 exd5 5. Nf3 c4 6. Be2 Nf6 7. b3 cxb3 8. axb3 Be7 9. c4 O-O 10. O-O Nc6 11. Nc3 Bg4 12. h3 Bh5 13. Bf4 Bb4 14. Rc1 a6 15. Ne5 Bxc3 16. Bxh5 Nxh5 17. Qxh5 Bxd4 18. Nxc6 bxc6 19. Rcd1 c5 20. cxd5 Qb6 21. Rd3 a5 22. d6 a4 23. bxa4 Rxa4 24. Qd5 Ra7 25. Rb3 Qd8 26. Bg3 Qd7 27. Rfb1 h6 28.
Rb7 Rxb7 29. Rxb7 Qa4 30. Kh2 Qa5 31. Re7 Bf6 32. Rc7 Rd8 33. Rxc5 Qb6 34. Rc6 Qb4 35. Rc7 Qb6 36. Qxf7+ Kh8 37. Rb7 Qc6 38. Rc7 Qb6 39.
Re7 Rxd6 40. Re8+ Kh7 41. Qg8+ Kg6 42. Bxd6 Qxd6+ 43. g3 Qd2 44. Kg2 Bd4 45. Qe6+ Kh7 46. Qf5+ g6 47. Qf7+ Bg7 48. Qg8# 1-0

[Event "*** Titled Tuesday Blitz"]
[Site "Chess.com"]
[Date "2018.12.04"]
[Round "4"]
[White "Benek77"]
[Black "LonesomeGeorge1"]
[Result "1-0"]
[WhiteElo "2578"]
[BlackElo "2408"]
[TimeControl "180+2"]
[EndTime "13:49:58 PST"]
[Termination "Benek77 won by checkmate"]

1. e4 e5 2. Nf3 Nc6 3. Bb5 g6 4. O-O Bg7 5. c3 a6 6. Ba4 d6 7. d4 Bd7 8. Re1 Nf6 9. h3 b5 10. Bb3 O-O 11. Nbd2 a5 12. a3 a4 13. Ba2 Re8 14.
Ng5 Re7 15. Ndf3 Be8 16. dxe5 dxe5 17. Qe2 h6 18. Nh4 hxg5 19. Nxg6 Rd7 20. Bxg5 Na5 21. Nxe5 Re7 22. Ng4 Nxg4 23. Qxg4 Qd6 24. Bxe7 Qxe7 25.
Re3 Bd7 26. Qg3 Be6 27. Bxe6 fxe6 28. Rd3 Nc4 29. Rad1 Nd6 30. e5 Nf5 31. Qf3 Rf8 32. Rd7 Qg5 33. Rxc7 Bxe5 34. Rc5 Bg7 35. Qe4 Qf6 36.
Rxb5 Nh4 37. Rd2 Qh6 38. Re2 e5 39. Qxa4 Qg5 40. Qg4 Qc1+ 41. Kh2 Qh6 42. Rexe5 Rxf2 43. Rb8+ Rf8 44. Rxf8+ Kxf8 45. Qc8+ Kf7 46. Qe8+ Kf6 47. Qe6# 1-0

[Event "*** Titled Tuesday Blitz"]
[Site "Chess.com"]
[Date "2018.12.04"]
[Round "4"]
[White "TigranLPetrosyan"]
[Black "afgano29"]
[Result "1-0"]
[WhiteElo "2814"]
[BlackElo "2627"]
[TimeControl "180+2"]
[EndTime "13:49:59 PST"]
[Termination "TigranLPetrosyan won by resignation"]

1. g3 Nf6 2. Bg2 d5 3. Nf3 g6 4.
c4 Bg7 5. cxd5 Nxd5 6. O-O O-O 7.
d4 Nb6 8. Nc3 Nc6 9. e3 Re8 10.
a3 a5 11. Re1 Be6 12. Nd2 a4 13. Qc2 Ra5 14. Nce4 Bd5 15. b4 axb3 16. Nxb3 Ra7 17. Nbc5 e5 18. dxe5 Nxe5 19. Rb1 Qe7 20. Rd1 Bc6 21. Bb2 Na4 22. Bd4 b6 23. Nd3 Bxe4 24. Bxe4 Nxd3 25. Bxd3 Nc5 26. Bb5 Rea8 27. Bxc5 Qxc5 28.
Qxc5 bxc5 29. Bc6 Rc8 30. a4 c4 31. Rd7 c3 32. Bd5 Rxa4 33. Rc1 Rf8 34. Rxc7 Ra5 35. Bc4 h5 36. h4 Rf5 37. Kg2 Kh7 38. f4 Kg8 39. e4 Ra5 40. e5 Raa8 41. Rxc3 Rad8 42. Rb3 Rd2+ 43. Kf3 1-0

[Event "*** Titled Tuesday Blitz"]
[Site "Chess.com"]
[Date "2018.12.04"]
[Round "4"]
[White "Rashad_Zeynalli"]
[Black "b_6"]
[Result "1-0"]
[WhiteElo "2345"]
[BlackElo "2383"]
[TimeControl "180+2"]
[EndTime "13:49:59 PST"]
[Termination "Rashad_Zeynalli won on time"]

1. d4 d5 2. c4 e6 3. Nc3 Nf6 4. cxd5 Nxd5 5. e4 Nxc3 6. bxc3 c5 7. Nf3 cxd4 8. cxd4 Bb4+ 9. Bd2 Bxd2+ 10. Qxd2 O-O 11. Bc4 Nd7 12. O-O b6 13. d5 Nc5 14. Rfe1 Bb7 15. Rad1 Qf6 16. Nd4 Rfd8 17. Qe3 exd5 18. exd5 h6 19.
Nb5 a6 20. Nc3 Rac8 21. Ne4 Nxe4 22. Qxe4 Rc7 23. Bb3 Rcd7 24. Re2 g6 25. Red2 Kg7 26. Qb4 Qd6 27. Qd4+ f6 28. h4 Kh7 29. h5 gxh5 30. Qe4+ Kh8 31. Qg6 Rh7 32. Re2 Rg8 33. Re8 Rxe8 34.
Qxe8+ Kg7 35. Re1 1-0

[Event "*** Titled Tuesday Blitz"]
[Site "Chess.com"]
[Date "2018.12.04"]
[Round "4"]
[White "Antipov_Mikhail_Al"]
[Black "GMHess"]
[Result "1-0"]
[WhiteElo "2796"]
[BlackElo "2630"]
[TimeControl "180+2"]
[EndTime "13:50:00 PST"]
[Termination "Antipov_Mikhail_Al won on time"]

1. e4 c5 2. Nf3 Nf6 3. e5 Nd5 4. Nc3 Nxc3 5. dxc3 Nc6 6. Bg5 Qb6 7. Qc1 f6 8. exf6 gxf6 9. Be3 d5 10. Be2 e5 11. O-O Be6 12. b4 O-O-O 13. Rb1 Rg8 14.
bxc5 Qc7 15. Rd1 h6 16. Qa3 Rd7 17. Rb5 Rdg7 18. Ne1 d4 19. cxd4 Bd5 20. Bf1 exd4 21. Bxd4 Nxd4 22. Rxd4 Bc6 23. Qxa7 Be7 24. Rb6 Bxc5 25.
Qa8+ Qb8 26. Rxc6+ bxc6 27. Qxc6+ Qc7 28. Qe6+ Kb8 29.
Rd3 Ka7 30. Rb3 Bb6 31. Nd3 1-0

[Event "*** Titled Tuesday Blitz"]
[Site "Chess.com"]
[Date "2018.12.04"]
[Round "4"]
[White "nOcHeaTiNgKiD"]
[Black "Schachmalanders"]
[Result "1-0"]
[WhiteElo "2424"]
[BlackElo "2304"]
[TimeControl "180+2"]
[EndTime "13:50:08 PST"]
[Termination "nOcHeaTiNgKiD won by resignation"]

1. Nf3 d5 2. e3 e6 3. g4 c5 4.
g5 Nc6 5. h4 e5 6. d3 Bd6 7. Rg1 Nge7 8. h5 Be6 9. e4 Qc7 10. Nc3 a6 11. exd5 Nxd5 12. Ne4 O-O-O 13. a3 Be7 14. c4 Nb6 15. Qc2 Rd7 16. Be3 Rhd8 17.
Bxc5 Bxc5 18. Nxc5 Bf5 19. Nxd7 Nxd7 20. O-O-O Nc5 21. b4 Ne6 22. Bg2 Ncd4 23. Nxd4 Nxd4 24. Qb2 Kb8 25. Be4 Bxe4 26. dxe4 Qxc4+ 27. Kb1 Qc6 28. Rge1 Rc8 29. Rc1 Qd7 30. Rxc8+ Qxc8 31. Rc1 Qg4 32. Qc3 Qxe4+ 33. Ka1 Qd5 34. Kb2 Qd8 35. Re1 f6 36.
f4 Nb5 37. Qe3 fxg5 38. fxe5 Ka8 39. e6 Qe7 40. Qe5 Nd6 41. Rc1 b5 42. Rc6 Nc4+ 43.
Rxc4 bxc4 44. Qd5+ Kb8 45. Qxc4 Qd6 46. Qe4 Qh2+ 47.
Kb3 Kc7 48. e7 Qg3+ 49. Ka4 Qg1 50. Qe5+ Kb6 51. Qc5+ Qxc5 52. bxc5+ Kxc5 53. e8=Q 1-0

[Event "*** Titled Tuesday Blitz"]
[Site "Chess.com"]
[Date "2018.12.04"]
[Round "4"]
[White "KenanGarayev"]
[Black "Bigfish1995"]
[Result "1-0"]
[WhiteElo "2770"]
[BlackElo "3006"]
[TimeControl "180+2"]
[EndTime "13:50:09 PST"]
[Termination "KenanGarayev won on time"]

1. Nf3 d5 2. c4 d4 3. e3 Nc6 4.
Nxd4 Nxd4 5. exd4 Qxd4 6. d3 g6 7. Be2 Bg7 8. Nc3 c6 9. O-O Nh6 10. Be3 Qd8 11. Bxh6 Bxh6 12. d4 O-O 13. Bf3 Qb6 14.
Na4 Qb4 15. Qb3 Qxb3 16. axb3 Rb8 17. Rfe1 e6 18. d5 cxd5 19. cxd5 b6 20. b4 Bd2 21.
Re4 a5 22. bxa5 bxa5 23. dxe6 Bxe6 24. Nc5 Bf5 25. Re2 Rfd8 26. g4 Bc2 27. Nb7 Rd4 28.
Nxa5 Rxb2 29. Rxd2 Rxd2 30. Nc4 Bb3 31. Nxb2 Rxb2 32.
Ra8+ Kg7 33. Rb8 Rb1+ 34. Kg2 Bc2 35. Rc8 Bd3 36. Rc7 g5 37. Bd5 Bg6 38. h3 h6 39. f3 Rb4 40. Kg3 Rd4 41. Bc4 Rd1 42. h4 gxh4+ 43. Kxh4 Rh1+ 44. Kg3 Rc1 45. f4 Rc3+ 46.
Kh4 1-0

[Event "*** Titled Tuesday Blitz"]
[Site "Chess.com"]
[Date "2018.12.04"]
[Round "4"]
[White "Karina_Oparina"]
[Black "DSCC1"]
[Result "1/2-1/2"]
[WhiteElo "2119"]
[BlackElo "2184"]
[TimeControl "180+2"]
[EndTime "13:50:12 PST"]
[Termination "Game drawn by repetition"]

1. c4 c6 2. Nf3 Nf6 3. g3 d5 4. cxd5 cxd5 5. d4 Nc6 6. Bg2 Bg4 7. h3 Bxf3 8. Bxf3 e6 9. Nc3 Bd6 10. O-O O-O 11. b3 Rc8 12. Bb2 Qe7 13. Rc1 Ba3 14.
Bxa3 Qxa3 15. Qd2 Qb4 16. e3 a6 17. Rfd1 Rfd8 18. Kf1 g6 19. Ke1 h5 20. h4 Kg7 21.
Na4 Qxd2+ 22. Kxd2 Nd7 23. Nc5 Nxc5 24. Rxc5 Ne7 25.
Rdc1 Rxc5 26. Rxc5 Rc8 27. Rxc8 Nxc8 28. Kc3 Kf8 29. e4 dxe4 30. Bxe4 Nd6 31. Bd3 Ke7 32. Kb4 Kd7 33. a4 Kc6 34. a5 Kd5 35. Kc3 Kc6 36. Kb4 Kd5 37. Kc3 Kc6 38. Kb4 Kd5 39. Kc3 Kc6 40.
Kb4 1/2-1/2

[Event "*** Titled Tuesday Blitz"]
[Site "Chess.com"]
[Date "2018.12.04"]
[Round "4"]
[White "GMMatamoros"]
[Black "VitaliyBernadskiy"]
[Result "0-1"]
[WhiteElo "2509"]
[BlackElo "2724"]
[TimeControl "180+2"]
[EndTime "13:50:14 PST"]
[Termination "VitaliyBernadskiy won by resignation"]

1. Nf3 e6 2. c4 d5 3. g3 Nf6 4. Bg2 dxc4 5. Qa4+ Bd7 6. Qxc4 c5 7. O-O Bc6 8. Qc2 Nbd7 9. Nc3 Be7 10. e4 O-O 11. d4 cxd4 12. Nxd4 Ne5 13. Rd1 Qe8 14.
Bf4 Ng6 15. Nxc6 bxc6 16. Bd6 e5 17. Na4 Rc8 18. Qc5 a6 19. Rac1 h5 20. Nb6 Bxd6 21.
Rxd6 Rb8 22. Qxc6 Qe7 23. b3 h4 24. Qc5 h3 25. Bf3 Nh7 26. Nd5 Qg5 27. Qe3 Rfc8 28. Rdc6 Rxc6 29. Rxc6 a5 30. Be2 a4 31. Bc4 axb3 32. Bxb3 Qg4 33. f3 Qd7 34. Rxg6 Rxb3 35. Qxb3 Qa7+ 36. Rb6 Qa5 37. Kf1 Qd2 38. Rb8+ Nf8 39. Qb2 Qd1+ 40. Kf2 Qh1 41. Rxf8+ Kh7 42. Qe2 Qxh2+ 43. Ke3 Qg1+ 44. Qf2 h2 45. Rxf7 h1=Q 46. Nf6+ Kg6 47. Rb7 Qc1+ 0-1